 Dungeon Crawl Stone Soup version 0.29.1-12-g30fa7ad0bf (webtiles) character file.

Game seed: 4109487178582623741

131 javelincjr the Magician (level 5, -1/35 HPs)
             Began as a Djinni Conjurer on Dec 23, 2022.
             Splashed by a jelly's acid (6 damage)
             ... on level 4 of the Dungeon.
             The game lasted 00:05:17 (2324 turns).

javelincjr the Magician (Djinni Conjurer)           Turns: 2324, Time: 00:05:20

Health: -1/35      AC: -2    Str:  8    XL:     5   Next: 37%
Gold:   59         EV: 12    Int: 20    God:
                   SH:  0    Dex: 11

rFire   + + .      SeeInvis .   d - +4 short sword
rCold   x . .      Faith    .   (no shield)
rNeg    . . .      Spirit   .   a - +0 robe
rPois   ∞          Reflect  .   (no helmet)
rElec   .          Harm     .   (no cloak)
rCorr   .          Rampage  .   (no gloves)
Will    .....                   (boots unavailable)
Stlth   ++........              (no amulet)
HPRegen 0.11/turn               (no ring)
MPRegen 0.00/turn               (no ring)

@: corroded, flying
A: sickness immunity, fire resistance 2, cold vulnerability 1, float, innate
caster, HP casting, extra vitality 1
a: no special abilities


You were on level 4 of the Dungeon.
You visited 1 branch of the dungeon, and saw 3 of its levels.

You collected 59 gold pieces.

Inventory:

Hand Weapons
 d - a +4 short sword (weapon)
Missiles
 f - 18 stones
 l - 5 poisoned darts
 m - 3 boomerangs
Armour
 a - a +0 robe (worn)
Magical Staves
 q - a staff of earth
Scrolls
 k - a scroll of enchant armour {unknown}
 p - a scroll of identify {unknown}
Potions
 b - a potion of berserk rage {unknown}
 c - a potion of magic {unknown}
 e - a potion of attraction {unknown}
 g - a potion of curing {unknown}
 h - a potion of haste {unknown}
 i - a potion of mutation {unknown}
 j - 2 potions of heal wounds {unknown}
 n - 4 potions of flight {unknown}
 o - a potion of brilliance {unknown}


   Skills:
 + Level 0.1 Fighting
 + Level 2.5 Dodging
 + Level 2.0 Stealth
 + Level 4.7 Spellcasting


You couldn't memorise any spells.
You knew the following spells:

 Your Spells              Type           Power      Damage    Failure   Level
a - Magic Dart            Conj           92%        1d7       1%          1
b - Searing Ray           Conj           46%        2d6       2%          2
c - Dazzling Flash        Conj/Hex       46%        N/A       5%          3
d - Fulminant Prism       Conj/Hex       11%        3d9       17%         4
e - Iskenderun's Mystic   Conj/Tloc      23%        2d6       17%         4
f - Shock                 Conj/Air       92%        1d8       1%          1
g - Wereblood             Tmut           23%        N/A       2%          2
Your spell library was empty.

Dungeon Overview and Level Annotations

Branches:
Dungeon (2/15)

Altars:


Innate Abilities, Weirdness & Mutations

You are immune to sickness and miasma.
You are immune to poison.
Your flesh is very heat resistant. (rF++)
You are vulnerable to cold. (rC-)
You float through the air rather than walking.
You learn spells naturally, not from books.
Your magical power is your life essence.
You have superior vitality. (+4 MHP)


Message History

Aim: a quokka (almost dead, 100% to hit)
The magic dart hits the quokka.
You kill the quokka!
Found a scroll labelled ISOFASHR ESIKOV.
o - a ruby potion
f - 18 stones (gained 3)
Things that are here:
a +0 dagger; a kobold corpse
n - 4 amethyst potions (gained 1)
Found a scroll labelled HONLEVV XOTHOR.
Found a gnarled smoking staff.
p - a scroll labelled ISOFASHR ESIKOV A jelly comes into view.
You see here a staff of earth.
q - a staff of earth
Found a stone staircase leading down.
Aiming: Magic Dart (safe; 1% risk of failure)
Press: ? - help, Q - select action, (/) - cycle Shift-Dir - straight line, f - jelly
Aim: a jelly (wandering, hasn't noticed you, 100% to hit)
The magic dart hits the jelly.
The jelly is moderately wounded.
The jelly quivers.
The jelly misses you.
Aiming: Magic Dart (safe; 1% risk of failure)
Press: ? - help, Q - select action, (/) - cycle Shift-Dir - straight line, f/p - jelly
Aim: a jelly (moderately wounded, 100% to hit)
The magic dart hits the jelly.
The jelly is moderately wounded.
The jelly hits you. The acid corrodes you!
You are splashed with acid!
You hit the jelly.
Your hands burn!
The jelly is severely wounded.
The jelly hits you.
You are splashed with acid!
* * * LOW HITPOINT WARNING * * *
You hit the jelly.
Your hands burn!
* * * LOW HITPOINT WARNING * * *
The jelly is almost dead.
The jelly hits you.
* * * LOW HITPOINT WARNING * * *
You are splashed with acid.
You die...

.... .....#. #.....
..... #...... ..#.# ##
#...... .>#?# .. ##..
#...#...#.### #...
#...#........
#...###...J.......
####.....####@#.#.####
........................
.###.....#....#.#...#...
#.......#......#..<....
#.#....##...#..#.......
# ####.##.....).......#
###.##....)........
#...........#..#####
#...................


You could see a jelly.

Vanquished Creatures
  A scorpion (D:4)
  Natasha (D:2)
  An adder (D:2)
  A worm (D:4)
  2 dart slugs
  6 endoplasms
  2 giant cockroaches (D:1)
  4 goblins (D:1)
  2 jackals (D:2)
  4 kobolds
  2 quokkas
  A ball python (D:1)
  A bat (D:1)
  A rat (D:1)
29 creatures vanquished.

Notes
Turn   | Place    | Note
-------+----------+-------------------------------------------
     0 | D:1      | javelincjr the Djinni Conjurer began the quest for the Orb.
     0 | D:1      | javelincjr set off with the following spells memorised:
                  | Magic Dart, Searing Ray, Dazzling Flash, Fulminant Prism,
                  | Iskenderun's Mystic Blast.
     0 | D:1      | Reached XP level 1. HP: 15/15 MP: 0/0
   415 | D:1      | Reached XP level 2. HP: 16/21 MP: 0/0
  1081 | D:1      | Reached XP level 3. HP: 23/25 MP: 0/0
  1081 | D:1      | Learned a level 1 spell: Shock
  1371 | D:1      | Found a faded altar of an unknown god.
  1504 | D:2      | Reached skill level 4 in Spellcasting
  1809 | D:2      | Noticed Natasha
  1819 | D:2      | Killed Natasha
  1820 | D:2      | Reached XP level 4. HP: 2/31 MP: 0/0
  2119 | D:2      | You are sucked into a shaft and drop 2 floors!
  2120 | D:4      | Noticed a scorpion
  2128 | D:4      | Killed a scorpion
  2129 | D:4      | Reached XP level 5. HP: 23/35 MP: 0/0
  2129 | D:4      | Learned a level 2 spell: Wereblood
  2324 | D:4      | Splashed by a jelly's acid

Illustrated notes

Levels and vault maps discovered:
D:1:      dpeg_arrival_simpleton_c, layout_basic,
          chequers_ecumenical_altar_grove
D:2:      layout_loops_ring, basic_altar, uniq_natasha
D:4:      layout_basic, mainiacjoe_overflow_alcove_2,
          nicolae_tso_swordbearing_angel, mainiacjoe_overflow_swirl,
          minmay_misc_feat_nine_boxes, chequers_serial_rivers_small_a,
          uniq_sigmund

Skill      XL: |  1  2  3  4 |
---------------+-------------+-----
Spellcasting   | 4 |  4.7
Stealth        | 2 |  2.0
Fighting       | |  0.1
Dodging        | |  2.5

Action                   |  1- 3 |  4- 6 || total
-------------------------+-------+-------++-------
Melee: Short sword       |    17 |     2 ||    19
 Cast: Magic Dart        |    41 |     7 ||    48
       Searing Ray       |     3 |     3 ||     6
 Stab: Sleeping          |     1 |       ||     1
Armor: Robe              |     6 |       ||     6
Dodge: Dodged            |    19 |     5 ||    24
